 Dungeon Crawl Stone Soup version 0.18.1-5-g4a78601 (webtiles) character file.

17488 ololoev the Geomancer (level 12, -4/74 HPs)
             Began as a Mummy Earth Elementalist on May 12, 2016.
             Was an Elder of Vehumet.
             Slain by a sixfirhy (9 damage)
             ... summoned by an orc high priest
             ... on level 2 of the Orcish Mines.
             The game lasted 00:50:23 (19000 turns).

ololoev the Geomancer (Mummy Earth Elementalist)   Turns: 19000, Time: 00:50:24

Health: -4/74      AC: 15    Str: 11    XL:     12   Next: 19%
Magic:  3/25       EV:  7    Int: 18    God:    Vehumet [****..]
Gold:   1264       SH:  0    Dex: 14    Spells: 5 memorised, 13 levels left

rFire  x . .     SeeInvis +     a - +2 flail (protect)
rCold  + + +     Gourm    .     h - +4 skin of Zhor {rC+++}
rNeg   + + +     Faith    .     (no shield)
rPois  ∞         Spirit   .     q - +0 helmet
rElec  .         Dismiss  .     o - +0 cloak {+Inv}
rCorr  .         Reflect  .     n - +0 pair of gloves
SustAt .         Harm     .     d - +0 pair of boots
MR     +....                    (no amulet)
Stlth  ++........               (no ring)
                                j - ring of see invisible

@: somewhat resistant to hostile enchantments, unstealthy
A: no food or potions, fire vulnerability, cold resistance 1, negative energy
resistance 3, torment resistance, unbreathing
a: Renounce Religion, Evoke Invisibility


Innate Abilities, Weirdness & Mutations

You do not eat or drink.
Your flesh is vulnerable to fire.
You are immune to poison.
Your flesh is cold resistant.
You are immune to negative energy.
You are immune to unholy pain and torment.
You can survive without breathing.

Inventory:

Hand Weapons
 a - a +2 flail of protection (weapon)
Missiles
 b - 60 stones (quivered)
Armour
 d - a +0 pair of boots (worn)
 h - the +4 skin of Zhor (worn) {rC+++}
   (You found it on level 7 of the Dungeon)

   It renders you almost immune to cold.
 n - a +0 pair of gloves (worn)
 o - a +0 cloak of invisibility (worn)
 q - a +0 helmet (worn)
Jewellery
 j - a ring of see invisible (left hand)
Wands
 c - a wand of paralysis (5/24)
 i - a wand of teleportation (1/9)
 l - a wand of iceblast (0/15)
 s - a wand of lightning (6/15)
Scrolls
 e - 3 scrolls of remove curse
 f - a scroll of fear
 g - 2 scrolls of magic mapping
 m - 5 scrolls of teleportation
 p - 2 scrolls of identify
 r - 2 scrolls of blinking


   Skills:
 - Level 2.1 Armour
 - Level 1.5 Dodging
 - Level 1.5 Stealth
 + Level 9.0 Spellcasting
 + Level 9.9 Conjurations
 - Level 0.7 Transmutations
 * Level 3.1 Fire Magic
 - Level 10.7 Earth Magic


You had 13 spell levels left.
You knew the following spells:

 Your Spells              Type           Power        Failure   Level  Hunger
a - Sandblast             Erth           #####.       1%          1    N/A
b - Stone Arrow           Conj/Erth      #####.       1%          3    N/A
c - Lee's Rapid Deconstr  Erth           #####.....   1%          5    N/A
d - Fireball              Conj/Fire      ####......   5%          5    N/A
w - Passwall              Trmt/Erth      ####......   1%          2    N/A


You were on level 2 of the Orcish Mines.
You worshipped Vehumet.
Vehumet was greatly pleased with you.
You were not hungry.

You visited 3 branches of the dungeon, and saw 13 of its levels.
You also visited: Sewer.

You collected 1264 gold pieces.

....)........>.......#
[.................#.##
..)......o.........##
....)....).........##
........).))....[...##
.....)....[.4........#
....................##
.).............4....##
.........)....[4@....#
.........)..)........#
......).............##
##..........#........#
##.#................##
#...##...............#
##.####...)..........#
### ##............##
##..........##

Notes
Turn   | Place    | Note
--------------------------------------------------------------
     0 | D:1      | ololoev the Mummy Earth Elementalist began the quest for the Orb.
     0 | D:1      | Reached XP level 1. HP: 13/13 MP: 3/3
   242 | D:1      | Reached XP level 2. HP: 19/19 MP: 0/5
   453 | D:1      | DEFE: второй вход в зиг гарантирован?
   455 | D:1      | ololoev: да
   455 | D:1      | DEFE: в тумбе?
   455 | D:1      | DEFE: я хочу еще и ачивку
   455 | D:1      | ololoev: yep
   456 | D:1      | DEFE: на спуск до 27
   521 | D:1      | DEFE: нинужномут все такое
   592 | D:1      | Reached skill level 3 in Earth Magic
   692 | D:2      | Reached XP level 3. HP: 24/24 MP: 1/6
   935 | D:2      | Learned a level 3 spell: Stone Arrow
   991 | D:2      | Found a shadowy altar of Dithmenos.
  1293 | D:1      | Reached XP level 4. HP: 16/30 MP: 0/8
  1793 | D:2      | Found a snail-covered altar of Cheibriados.
  2155 | D:3      | Noticed Sigmund
  2176 | D:3      | Killed Sigmund
  2176 | D:3      | Reached skill level 4 in Earth Magic
  2176 | D:3      | Reached XP level 5. HP: 24/35 MP: 3/10
  2359 | D:3      | Reached XP level 6. HP: 27/41 MP: 1/11
  2503 | D:3      | Learned a level 5 spell: Lee's Rapid Deconstruction
  2802 | D:4      | Noticed Menkaure
  3108 | D:4      | Reached skill level 1 in Conjurations
  3490 | D:4      | Noticed Crazy Yiuf
  3501 | D:4      | Killed Crazy Yiuf
  3611 | D:4      | Noticed Duvessa
  3612 | D:4      | Noticed Dowan
  3624 | D:4      | Killed Duvessa
  3624 | D:4      | Reached skill level 5 in Earth Magic
  3626 | D:4      | Killed Dowan
  3626 | D:4      | Reached XP level 7. HP: 14/46 MP: 3/13
  4186 | D:4      | Killed Menkaure
  4316 | D:5      | Entered Level 5 of the Dungeon
  4835 | D:5      | Noticed Pikel
  5032 | D:5      | Killed Pikel
  5032 | D:5      | Reached skill level 1 in Armour
  5032 | D:5      | Reached skill level 6 in Earth Magic
  5032 | D:5      | Reached XP level 8. HP: 51/52 MP: 1/15
  5226 | D:5      | Reached skill level 5 in Spellcasting
  5305 | D:5      | Noticed Edmund
  5480 | D:5      | Noticed Blork the orc
  5489 | D:5      | Killed Blork the orc
  6308 | D:6      | Learned a level 2 spell: Passwall
  6382 | D:6      | Found a sparkling altar of Nemelex Xobeh.
  6535 | D:6      | Found a glowing drain.
  6542 | Sewer    | Entered a sewer
  6567 | Sewer    | Noticed F1L1N's ghost (amateur FoFi)
  7470 | D:7      | Reached skill level 5 in Conjurations
  7470 | D:7      | Reached XP level 9. HP: 37/57 MP: 17/17
  7665 | D:7      | Reached skill level 7 in Earth Magic
  7853 | D:7      | Found a glowing silver altar of Zin.
  7853 | D:7      | Found an iron altar of Okawaru.
  7854 | D:7      | Found a burning altar of Makhleb.
  8007 | D:7      | Found a staircase to the Ecumenical Temple.
  9024 | Temple   | Entered the Ecumenical Temple
  9121 | Temple   | Became a worshipper of Vehumet
  9174 | D:8      | Noticed Maurice
  9181 | D:8      | Killed Maurice
  9488 | D:7      | Reached skill level 8 in Earth Magic
 10028 | D:8      | Noticed Kilrog's ghost (novice HuFi)
 10237 | D:8      | Reached XP level 10. HP: 63/63 MP: 3/19
 10692 | D:8      | Found a staircase to the Lair.
 10724 | D:8      | Reached * piety under Vehumet
 10724 | D:8      | Offered knowledge of Freeze by Vehumet.
 11355 | D:8      | Killed Kilrog's ghost
 12099 | D:8      | Reached skill level 9 in Earth Magic
 12414 | D:8      | Noticed a cyclops
 12446 | D:8      | Killed a cyclops
 12739 | D:9      | Found an opulent altar of Gozag.
 12781 | D:9      | Found a stormy altar of Qazlal.
 13414 | D:9      | Found a sacrificial altar of Ru.
 13574 | D:9      | Reached ** piety under Vehumet
 13574 | D:9      | Offered knowledge of Searing Ray by Vehumet.
 13915 | D:10     | Entered Level 10 of the Dungeon
 14601 | D:10     | Found a staircase to the Orcish Mines.
 14705 | D:10     | Noticed Grum
 14714 | D:10     | Offered knowledge of Throw Flame by Vehumet.
 14718 | D:10     | Killed Grum
 14834 | D:10     | Noticed an unseen horror
 14897 | D:9      | Killed an unseen horror
 14897 | D:9      | Reached XP level 11. HP: 48/68 MP: 10/22
 15155 | D:10     | Reached *** piety under Vehumet
 15227 | D:10     | Found a sacrificial altar of Ru.
 15251 | D:10     | Noticed an unseen horror
 15258 | D:10     | Killed an unseen horror
 15341 | D:10     | Reached skill level 10 in Earth Magic
 15480 | D:10     | Noticed a hill giant
 15492 | D:9      | jacquesderrida: a - an uncursed crude ivory amulet b - an uncursed bound ivory ring c - the ring of Plog {rC+ rN+}
 15518 | D:10     | Noticed a hill giant
 15519 | D:10     | jacquesderrida: LALIEV
 15519 | D:10     | jacquesderrida: KAK
 15519 | D:10     | jacquesderrida: V ODNOM TAILE
 15521 | D:9      | jacquesderrida: TRI ARTEFACTA
 15521 | D:9      | ololoev: крипта что-ли?
 15556 | D:9      | jacquesderrida: Da
 15556 | D:9      | ololoev: это нормально
 15556 | D:9      | ololoev: они еще и все с rN+ будут
 15660 | D:10     | Noticed Nergalle
 15803 | D:10     | Killed Nergalle
 16198 | D:10     | Noticed a hill giant
 16204 | D:10     | Killed a hill giant
 16324 | D:10     | Offered knowledge of Olgreb's Toxic Radiance by Vehumet.
 16349 | D:10     | Noticed Snorg
 16367 | D:10     | Killed Snorg
 16563 | D:10     | Noticed a hill giant
 16582 | D:10     | Killed a hill giant
 16712 | D:10     | Got a crystal long sword
 16713 | D:10     | Identified the cursed +2 long sword of Revolt {flame, *Confuse +Blink +Rage rC+} (You found it on level 10 of the Dungeon)
 16774 | D:10     | Killed a hill giant
 16854 | D:10     | Killed a hill giant
 16932 | Orc:1    | Entered Level 1 of the Orcish Mines
 17083 | Orc:1    | Found a bloodstained altar of Trog.
 17104 | Orc:1    | Found a roughly hewn altar of Beogh.
 17472 | Orc:1    | Reached **** piety under Vehumet
 17799 | Orc:2    | Entered Level 2 of the Orcish Mines
 17803 | Orc:2    | Offered knowledge of Fireball by Vehumet.
 17814 | Orc:1    | Learned a level 5 spell: Fireball
 17869 | Orc:2    | Found a staircase to the Elven Halls.
 18370 | Orc:2    | Reached skill level 1 in Fire Magic
 18384 | Orc:2    | Noticed an orc high priest
 18455 | Orc:2    | Killed an orc high priest
 18491 | Orc:2    | Noticed an orc sorcerer
 18493 | Orc:2    | Noticed an orc knight
 18496 | Orc:2    | Killed an orc sorcerer
 18496 | Orc:2    | Reached XP level 12. HP: 68/74 MP: 9/24
 18666 | Orc:2    | Noticed an orc high priest
 18669 | Orc:2    | Killed an orc high priest
 18988 | Orc:2    | Noticed an orc high priest
 19000 | Orc:2    | Slain by a sixfirhy

Dungeon Overview and Level Annotations

Branches:
Dungeon (10/15)            Temple (1/1) D:7            Lair (0/8) D:8
    Orc (2/2) D:10            Elf (0/3) Orc:2

Altars:
Cheibriados
Dithmenos
Elyvilon
Fedhas
Gozag
Kikubaaqudgha
Makhleb
Nemelex Xobeh
Okawaru
Pakellas
Qazlal
Ru
Sif Muna
Trog
Vehumet
Yredelemnul
Zin
Beogh

Annotations:
D:4 Edmund


Message History

The stone arrow hits the orc.
You kill the orc!
Vehumet accepts your kill.
You feel your power returning.
Casting: Stone Arrow
Confirm with . or Enter, or press ? or * to list all spells.
Aiming: Lee's Rapid Deconstruction
Press: ? - help, Dir - move target cursor
Okay, then.
Casting: Lee's Rapid Deconstruction
Confirm with . or Enter, or press ? or * to list all spells.
Aiming: Stone Arrow
Press: ? - help, Shift-Dir - straight line, f - orc priest
Aim: an orc priest The stone arrow hits the orc priest.
You kill the orc priest!
Vehumet accepts your kill.
You feel your power returning.
An orc warrior and an orc high priest come into view.
Casting: Stone Arrow
Confirm with . or Enter, or press ? or * to list all spells.
Aiming: Lee's Rapid Deconstruction
Press: ? - help, Dir - move target cursor The wall shatters!
The blast of rock fragments hits the orc high priest.
The orc high priest is moderately wounded.
The orc warrior shouts!
The orc high priest utters an invocation to Beogh.
Unknown command.
Casting: Lee's Rapid Deconstruction
Confirm with . or Enter, or press ? or * to list all spells.
Aiming: Lee's Rapid Deconstruction
Press: ? - help, Dir - move target cursor The wall shatters!
The blast of rock fragments hits the orc high priest.
The orc high priest is heavily wounded.
Vehumet accepts your kill.
You feel your power returning.
You feel a bit more experienced.
The blast of rock fragments hits the orc warrior.
The orc warrior is moderately wounded.
Unknown command.
Casting: Lee's Rapid Deconstruction
Confirm with . or Enter, or press ? or * to list all spells.
Aiming: Fireball
Press: ? - help, Shift-Dir - straight line, f - orc warrior
Aim: an orc warrior, wielding a glaive and wearing a plate armour (moderately wounded)
The fireball explodes!
The fireball engulfs the orc warrior.
The orc warrior is heavily wounded.
The fireball engulfs the orc high priest.
The orc high priest is severely wounded.
The orc high priest utters an invocation to Beogh.
The orc high priest is healed somewhat.
Unknown command.
Unknown command.
Casting: Fireball
Confirm with . or Enter, or press ? or * to list all spells.
Aiming: Fireball
Press: ? - help, Shift-Dir - straight line, p - orc warrior The fireball explodes!
The fireball engulfs the orc high priest.
The orc high priest is severely wounded.
The fireball engulfs the orc warrior.
You kill the orc warrior!
Vehumet accepts your kill.
You feel your power returning.
The orc high priest mumbles some strange prayers to Beogh.
An orc priest comes into view. It is wielding a mace.
Unknown command.
Unknown command.
Things that are here:
a robe; a dagger; a flail The sixfirhy closely misses you.
The sixfirhy hits you. The sixfirhy shocks you! The sixfirhy misses you.
The sixfirhy hits you but does no damage.
The sixfirhy closely misses you.
There is a stone staircase leading up here.
The sixfirhy barely misses you. The sixfirhy hits you! The sixfirhy shocks you!
The sixfirhy hits you! The sixfirhy shocks you!
You die...

You could see an orc high priest, a hellwing and 2 sixfirhies.

Vanquished Creatures
  Snorg (D:10)
  2 orc high priests (Orc:2)
  Nergalle (D:10)
  2 unseen horrors
  An orc knight (Orc:2)
  Pikel (D:5)
  4 hill giants (D:10)
  The ghost of Kilrog the Skirmisher, a novice HuFi of the Shining One (D:8)
  2 orc sorcerers (Orc:2)
  A cyclops (D:8)
  2 centaur zombies (D:10)
  Maurice (D:8)
  2 trolls
  A two-headed ogre (D:9)
  Sigmund (D:3)
  2 wyverns
  A spriggan (D:10)
  A hungry ghost (D:10)
  Grum (D:10)
  Menkaure (D:4)
  A water moccasin (D:9)
  Duvessa (D:4)
  12 orc warriors
  3 slaves (D:5)
  6 sky beasts
  10 ogres
  An ice beast (D:10)
  4 phantoms
  5 centaurs
  2 wolves (D:10)
  2 crocodiles
  Blork the orc (D:5)
  6 giant frogs
  A big kobold (D:7)
  Dowan (D:4)
  A scorpion (D:9)
  3 wights
  8 electric eels (D:8)
  4 howler monkeys (D:7)
  3 crimson imps
  4 hounds
  Crazy Yiuf (D:4)
  3 giant frog skeletons
  17 orc priests
  3 jellies
  7 iguanas
  22 orc wizards
  7 worker ants
  2 sheep (D:8)
  A worker ant zombie (D:4)
  10 gnolls
  14 adders
  2 river rats
  3 shadow imps
  An ooze (D:1)
  An adder zombie (D:5)
  3 worms
  7 giant geckos
  88 orcs
  3 bats
  2 giant cockroaches (D:2)
  10 goblins
  7 hobgoblins
  2 jackals (D:6)
  13 kobolds
  3 quokkas
  9 giant newts
  A quokka zombie (D:5)
  9 rats
359 creatures vanquished.

Vanquished Creatures (others)
  A slave (D:8)
1 creature vanquished.

Grand Total: 360 creatures vanquished

Action                   |  1- 3 |  4- 6 |  7- 9 | 10-12 || total
-------------------------+-------+-------+-------+-------++-------
Melee: Unarmed           |     1 |       |       |       ||     1
       Spear             |       |    69 |     4 |       ||    73
       Flail             |       |       |   150 |    52 ||   202
 Cast: Sandblast         |    46 |    29 |    71 |    52 ||   198
       Stone Arrow       |     5 |    15 |   123 |   220 ||   363
       Lee's Rapid Decon |       |       |     2 |    80 ||    82
       Fireball          |       |       |       |    10 ||    10
Evoke: Wand              |       |       |     9 |     7 ||    16
  Use: Scroll            |       |       |    12 |     1 ||    13
 Stab: Sleeping          |       |     1 |       |       ||     1
       Paralysed         |       |       |       |     4 ||     4
Armor: Robe              |     3 |    14 |    11 |       ||    28
       Leather armour    |       |       |    66 |       ||    66
       Animal skin       |       |       |    44 |    68 ||   112
Dodge: Dodged            |     9 |    39 |   150 |   138 ||   336

Vault maps used:
D:1:      dpeg_arrival_rhombi
D:2:      lemuel_round_altar, grunt_dithmenos_smoke_and_mirrors
D:3:      minmay_lizard_king, uniq_sigmund
D:4:      uniq_duvessa, uniq_crazy_yiuf_cottage, uniq_menkaure
D:5:      first_bread, kennysheep_opposing_triangles, uniq_edmund, uniq_pikel,
          uniq_blork_the_orc
D:6:      overflow_temple_1_default, lightli_sewer_entry_pipes
D:7:      gammafunk_temple_overflow_claw, minmay_temple_entry_overgrown
D:8:      lair_0_dummy, serial_bayou_lake_a, uniq_maurice
D:9:      grunt_qazlal_clouds, lemuel_round_altar, marbit_many_paths
D:10:     hiddenorc2_lemuel, the_bakery, nicolae_ru_awakened_eye, uniq_grum,
          uniq_snorg, uniq_nergalle
Temple:   bh_familiar_temple
Orc:1:    basic_altar, bloody_trog
Orc:2:    st_orc_mages, minmay_orc_treasury
Sewer:    sewer_minmay_treatment
